 Dungeon Crawl Stone Soup version 0.28.0 (webtiles) character file.

Game seed: 6425901540319302707

140 Arcadio the Sneak (level 5, -3/42 HPs)
             Began as a Naga Hedge Wizard on Feb 10, 2022.
             Slain by a phantom (13 damage)
             ... on level 4 of the Dungeon.
             The game lasted 00:13:11 (3872 turns).

Arcadio the Sneak (Naga Hedge Wizard)               Turns: 3872, Time: 00:13:11

Health: -3/42      AC:  2    Str: 18    XL:     5   Next: 23%
Magic:  4/10       EV: 10    Int: 18    God:
Gold:   146        SH:  0    Dex: 16    Spells: 3/11 levels left

rFire   . . .      SeeInvis +   o - +3 quarterstaff of the Thirteen Emperors {chaos, +Blink rC+}
rCold   + . .      Faith    .   (shield currently unavailable)
rNeg    . . .      Spirit   .   b - +0 robe
rPois   +          Reflect  .   c - +0 hat
rElec   .          Harm     .   (no cloak)
rCorr   .          Rampage  .   (no gloves)
Will    +....                   (no barding)
Stlth   +++.......              g - amulet of the acrobat
HPRegen 0.14/turn               e - +6 ring of dexterity
MPRegen 0.12/turn               j - ring of Utzoits {Will+ Str+5 Int+2}

@: very slow
A: AC +1, large, see invisible, deformed body, poison resistance, slowness 2,
spit poison 1, naga tail 1
a: Spit Poison, Evoke Blink


You were on level 4 of the Dungeon.
You visited 1 branch of the dungeon, and saw 4 of its levels.

You collected 146 gold pieces.

Inventory:

Hand Weapons
 a - a +0 dagger
 o - the +3 quarterstaff of the Thirteen Emperors (weapon) {chaos, +Blink rC+}
   (You found it on level 3 of the Dungeon)

   Each time it hits an enemy it has a different, random effect.
   rC:        It protects you from cold.
   +Blink:    It lets you blink.
Armour
 b - a +0 robe (worn)
 c - a +0 hat (worn)
Magical Staves
 k - a staff of earth
Jewellery
 e - a +6 ring of dexterity (left hand)
 g - an amulet of the acrobat (around neck)
 j - the ring of Utzoits (right hand) {Will+ Str+5 Int+2}
   (You acquired it on level 4 of the Dungeon)

   [ring of willpower]

   Str:       It affects your strength (+5).
   Int:       It affects your intelligence (+2).
   Will:      It increases your willpower.
Scrolls
 i - a scroll of teleportation
 l - a scroll of fog {unknown}
 n - a scroll of enchant armour {unknown}
Potions
 d - a potion of curing
 f - a potion of haste
 h - 2 potions of ambrosia


   Skills:
 - Level 1.5 Dodging
 + Level 5.1 Stealth
 + Level 3.9 Spellcasting
 + Level 2.6 Conjurations
 + Level 1.6 Summonings
 - Level 1.0 Translocations


You had 3 spell levels left.
You knew the following spells:

 Your Spells              Type           Power      Damage    Failure   Level
a - Magic Dart            Conj           52%        1d5       4%          1
b - Blink                 Tloc           14%        N/A       16%         2
c - Call Imp              Summ           9%         N/A       12%         2
d - Mephitic Cloud        Conj/Pois/Air  6%         N/A       30%         3

Your spell library contained the following spells:

 Spells                   Type           Power      Damage    Failure   Level
 Slow                     Hex            12%        N/A       16%         1
 Conjure Flame            Conj/Fire      8%         6-21      26%         3


Dungeon Overview and Level Annotations

Branches:
Dungeon (4/15)
 Temple: D:4-7

Altars:
Fedhas
Zin

Shops:
D:1 !=!(   D:3 *


Innate Abilities, Weirdness & Mutations

Your serpentine skin is tough. (AC +1)
You have supernaturally acute eyesight. (SInv)
Armour fits poorly on your strangely shaped body.
Your system is resistant to poisons. (rPois)
You cover ground very slowly.
You can spit poison.
You have a snake-like lower body.


Message History

A beastly little devil appears in a puff of frigid air.
Casting: Call Imp (safe; 13% risk of failure)
Confirm with . or Enter, or press ? or * to list all spells.
Aiming: Magic Dart (safe; 5% risk of failure)
Press: ? - help, Shift-Dir - straight line, f - bullfrog skeleton
Aim: a bullfrog skeleton (lightly damaged, ally target, 100% to hit)
The magic dart hits the bullfrog skeleton.
The bullfrog skeleton is moderately damaged.
The phantom seems less confused.
Casting: Magic Dart (safe; 5% risk of failure)
Confirm with . or Enter, or press ? or * to list all spells.
Aiming: Magic Dart (safe; 5% risk of failure)
Press: ? - help, Shift-Dir - straight line, f/p - bullfrog skeleton
Aim: a bullfrog skeleton (moderately damaged, ally target, 100% to hit)
The magic dart hits the bullfrog skeleton.
The bullfrog skeleton is moderately damaged.
Your white imp gestures at the bullfrog skeleton.
The puff of frost hits the bullfrog skeleton.
The bullfrog skeleton resists.
You sock the bullfrog skeleton!
The bullfrog skeleton convulses!
You destroy the bullfrog skeleton!
Your Stealth skill increases to level 5!
You have reached level 5!
A phantom is nearby!
A phantom is nearby!
A phantom is nearby!
You barely miss the phantom.
The phantom is severely damaged.
The phantom hits you.
* * * LOW HITPOINT WARNING * * *
The phantom blinks!
You blink.
The phantom closely misses you.
Your white imp barely misses the phantom.
You closely miss the phantom.
The phantom is severely damaged.
The phantom hits you but does no damage.
Your white imp misses the phantom.
You hit the phantom.
The phantom seems to grow stronger.
The phantom is almost destroyed.
The phantom hits you!
You die...

...?....#
......#.#
....###.#
### #.##
##..#
#..ยง#
#..5# ##.W#
##@# #.##
#..# #..#
#..#
#.........#
##.# #####
#.........#
####.#
##...#
#.........#
#....##
##....#
#.........#
#.....#
#.....# #


You could see a phantom (strong, agile, ally target) and a friendly white imp
(summoned).

Vanquished Creatures
  A bullfrog skeleton (D:4)
  An orc priest (D:3)
  An adder (D:3)
  A shadow imp (D:3)
  An adder skeleton (D:4)
  3 dart slugs
  3 orcs (D:3)
  4 ball pythons
  5 bats
  6 endoplasms
  4 giant cockroaches
  4 goblins
  6 hobgoblins
  4 frilled lizards
  2 kobolds
  4 rats
  2 toadstools (D:1)
52 creatures vanquished.

Vanquished Creatures (collateral kills)
  An orc (D:3)
1 creature vanquished.

Vanquished Creatures (others)
  2 fungi (D:1)
  2 plants (D:1)
  2 toadstools (D:1)
6 creatures vanquished.

Grand Total: 59 creatures vanquished

Notes
Turn   | Place    | Note
-------+----------+-------------------------------------------
     0 | D:1      | Arcadio the Naga Hedge Wizard began the quest for the Orb.
     0 | D:1      | Reached XP level 1. HP: 15/15 MP: 4/4
   483 | D:1      | Reached XP level 2. HP: 20/22 MP: 6/6
   486 | D:1      | Learned a level 2 spell: Blink
   489 | D:1      | Learned a level 2 spell: Call Imp
   512 | D:1      | Found Mas Paosch's Distillery.
   613 | D:1      | Found Ocystuuc's Jewellery Shoppe.
   689 | D:1      | Found Qejeoff's Distillery.
  1004 | D:1      | Found Aluy's Weapon Shoppe.
  1073 | D:1      | Reached XP level 3. HP: 28/28 MP: 0/7
  1205 | D:1      | Found a faded altar of an unknown god.
  1343 | D:1      | Reached skill level 4 in Stealth
  2311 | D:2      | Learned a level 3 spell: Mephitic Cloud
  2367 | D:2      | You fall into a shaft and drop 2 floors!
  2976 | D:3      | Found Peigafas's General Store.
  3164 | D:3      | Reached XP level 4. HP: 36/36 MP: 6/9
  3500 | D:3      | Identified the +3 quarterstaff of the Thirteen Emperors
                  | {chaos, +Blink rC+}
  3600 | D:3      | Found a glowing silver altar of Zin.
  3620 | D:3      | Found a blossoming altar of Fedhas.
  3756 | D:4      | Identified a scroll of acquirement
  3758 | D:4      | Acquired the ring of Utzoits {Will+ Str+5 Int+2}
  3771 | D:4      | Noticed a scorpion
  3855 | D:4      | Noticed a phantom
  3868 | D:4      | Reached skill level 5 in Stealth
  3868 | D:4      | Reached XP level 5. HP: 12/42 MP: 4/10
  3872 | D:4      | Slain by a phantom

Illustrated notes

Levels and vault maps discovered:
D:1:      ldierk_water_garden, layout_loops_cross, serial_shops, shop, shop,
          shop_fountains, shop_fountains, shapermc_ecumenical_altar_hornbeckon,
          serial_bayou_ford_a
D:2:      layout_loops_corners, item_on_display_a
D:3:      layout_rooms, fedhas_altar_fruit_tree, general_overflow_altar,
          serial_shops, nicolae_lakefront_shop
D:4:      layout_cave_pods, glass_columns_c

Skill      XL: |  1  2  3  4 |
---------------+-------------+-----
Stealth        | 4 5 |  5.1
Conjurations   | 2 |  2.6
Dodging        | |  1.5
Spellcasting   | |  3.9
Summonings     | |  1.6
Translocations | |  1.0

Action                   |  1- 3 |  4- 6 || total
-------------------------+-------+-------++-------
Melee: Dagger            |    52 |    11 ||    63
       Quarterstaff      |       |    12 ||    12
 Cast: Magic Dart        |    73 |    22 ||    95
       Call Imp          |       |     3 ||     3
       Blink             |       |     1 ||     1
 Abil: Spit Poison       |     8 |     3 ||    11
  Use: Scroll            |     4 |     2 ||     6
 Stab: Sleeping          |     5 |       ||     5
       Confused          |       |     1 ||     1
Armor: Robe              |     5 |     1 ||     6
Dodge: Dodged            |    23 |    10 ||    33
